 Dungeon Crawl Stone Soup version 0.16.1-11-g651b585 (webtiles) character file.

350 Yayczeliz the Conjurer (level 6, 0/48 HPs)
             Began as a Draconian Wizard on Apr 2, 2015.
             Succumbed to poison (a potion of poison)
             ... on level 4 of the Dungeon.
             The game lasted 00:11:57 (4393 turns).

Yayczeliz the Conjurer (Draconian Wizard)           Turns: 4393, Time: 00:11:58

Health: 0/48       AC:  6    Str: 14    XL:     6   Next: 33%
Magic:  3/13       EV: 12    Int: 21    God:
Gold:   214        SH:  0    Dex:  9    Spells: 3 memorised, 4 levels left

rFire  . . .     SeeInvis +     w - +0 spear
rCold  . . .     Clarity  .     (armour unavailable)
rNeg   . . .     SustAb   .     (no shield)
rPois  .         Gourm    .     b - +0 hat
rElec  .         Spirit   .     (no cloak)
rCorr  .         Warding  .     (no gloves)
rMut   .         Stasis   .     (no boots)
MR     .....                    (no amulet)
Stlth  +.........               (no ring)
                                a - ring of see invisible

@: mighty, lethally poisoned (0 -> -6), not resistant to hostile enchantments,
very unstealthy
A: unfitting armour, cold-blooded, AC +6
a: no special abilities


You were on level 4 of the Dungeon.
You were not hungry.

You visited 2 branches of the dungeon, and saw 5 of its levels.

You collected 214 gold pieces.

Inventory:

Hand weapons
 l - a +0 short sword
 w - a +0 spear (weapon)
Armour
 b - a +0 hat (worn)
Jewellery
 a - a ring of see invisible (left hand)
 j - an uncursed ring of wizardry {unknown}
 k - a cursed ring of protection from fire {unknown}
 r - an uncursed ring of stealth {unknown}
Magical devices
 e - a wand of enslavement (0)
Scrolls
 g - 3 scrolls of teleportation {unknown}
 h - a scroll of enchant weapon {unknown}
 i - 8 scrolls of identify {unknown}
 m - a scroll of fear {unknown}
 n - a scroll of random uselessness {unknown}
 q - 4 scrolls of recharging {unknown}
 s - 2 scrolls of amnesia {unknown}
 t - a scroll of remove curse {unknown}
 x - a scroll of blinking {unknown}
Books
 c - a book of Minor Magic

   Spells                             Type                      Level
   a - Magic Dart                     Conjuration                  1
   b - Blink                          Translocation                2
   c - Call Imp                       Summoning                    2
   d - Repel Missiles                 Charms/Air                   2
   e - Slow                           Hexes                        2
   f - Conjure Flame                  Conjuration/Fire             3
   g - Mephitic Cloud                 Conjuration/Poison/Air       3
Comestibles
 d - 2 bread rations
 f - 2 slices of pizza
 p - 5 fruits
 u - 2 chunks of flesh
 z - a beef jerky


   Skills:
 + Level 1.6 Fighting
 + Level 2.3 Dodging
 - Level 1.8 Stealth
 - Level 3.2 Spellcasting
 - Level 5.8 Conjurations
   Level 1.0 Summonings
   Level 1.0 Translocations


You had 4 spell levels left.
You knew the following spells:

 Your Spells              Type           Power        Failure   Level  Hunger
a - Magic Dart            Conj           ####         1%          1    None
b - Mephitic Cloud        Conj/Pois/Air  ##......     21%         3    ###....
c - Conjure Flame         Conj/Fire      ###.....     14%         3    ###....


Dungeon Overview and Level Annotations

Branches:
Dungeon (4/15)             Temple (1/1) D:4

Altars:
Ashenzari
Cheibriados
Dithmenos
Elyvilon
Fedhas
Gozag
Kikubaaqudgha
Makhleb
Nemelex Xobeh
Okawaru
Qazlal
Ru
Trog
Xom
The Shining One


Innate Abilities, Weirdness & Mutations

Your plain brown scales are hard (AC +6).
Your body does not fit into most forms of armour.
Your cold-blooded metabolism reacts poorly to cold.


Message History

* * * LOW HITPOINT WARNING * * *
* * * LOW HITPOINT WARNING * * *
You feel sick. The phantom closely misses you.
You see here a rat corpse.
* * * LOW HITPOINT WARNING * * *
You feel sick.
The phantom blinks!
* * * LOW HITPOINT WARNING * * *
You feel sick.
* * * LOW HITPOINT WARNING * * *
You feel sick.
* * * LOW HITPOINT WARNING * * *
You feel sick.
* * * LOW HITPOINT WARNING * * *
You feel sick.
You aren't carrying any potions.
* * * LOW HITPOINT WARNING * * *
You feel sick.
* * * LOW HITPOINT WARNING * * *
You feel sick.
You die...

#..........................# ...
#........#.................#.....
######...#.................#....
##.......+.......................
##'#######.......................
.....................#.........!.
...†.#####'#######...#...........
....)#........####...#...........
.....#.#........@....#.†.........
.....#.#.............#W.........$
..................####...........
..................##.............
..................##.............
....<.............##.........##+#
..................##...........
..................##.....######
..........#.......##.....#


There were no monsters in sight!

Vanquished Creatures
  A phantom (D:4)
  A goliath beetle (D:4)
  2 hounds
  An orc wizard (D:4)
  Robin (D:2)
  3 adders
  A worm (D:1)
  4 orcs (D:4)
  4 giant cockroaches
  12 hobgoblins
  4 jackals (D:2)
  6 kobolds
  4 bats
  5 giant geckos (D:1)
  2 giant newts
  29 goblins
  A quokka (D:3)
  6 rats
87 creatures vanquished.

Vanquished Creatures (others)
  A hobgoblin (D:3)
1 creature vanquished.

Grand Total: 88 creatures vanquished

Notes
Turn   | Place    | Note
--------------------------------------------------------------
     0 | D:1      | Yayczeliz, the Draconian Wizard, began the quest for the Orb.
     0 | D:1      | Reached XP level 1. HP: 14/14 MP: 4/4
   342 | D:1      | Reached XP level 2. HP: 4/20 MP: 0/6
  1169 | D:2      | Noticed Robin
  1247 | D:2      | Reached XP level 3. HP: 24/26 MP: 5/8
  1764 | D:1      | Learned a level 3 spell: Mephitic Cloud
  1768 | D:1      | Learned a level 3 spell: Conjure Flame
  1978 | D:2      | Killed Robin
  2085 | D:2      | Reached XP level 4. HP: 33/33 MP: 5/9
  2499 | D:2      | Reached skill level 4 in Conjurations
  2591 | D:2      | Found a burning altar of Makhleb.
  2701 | D:3      | Found an iron altar of Okawaru.
  2861 | D:3      | Found a white marble altar of Elyvilon.
  3404 | D:4      | Noticed a phantom
  3420 | D:4      | Killed a phantom
  3420 | D:4      | Reached skill level 5 in Conjurations
  3420 | D:4      | Reached XP level 5. HP: 28/38 MP: 0/11
  3531 | D:4      | Found a staircase to the Ecumenical Temple.
  3556 | Temple   | Entered the Ecumenical Temple
  3945 | D:4      | Reached XP level 6. HP: 45/45 MP: 0/13
  4100 | D:4      | Reached skill level 1 in Fighting
  4351 | D:4      | Noticed a phantom
  4389 | D:4      | HP: 2/48 [poison (a potion of poison)]
  4393 | D:4      | Succumbed to poison (a potion of poison)

Action                   |  1- 3 |  4- 6 || total
-------------------------+-------+-------++-------
Melee: Unarmed           |    10 |       ||    10
       Short sword       |    42 |    51 ||    93
       Spear             |       |    12 ||    12
 Cast: Magic Dart        |    92 |   107 ||   199
       Conjure Flame     |       |     2 ||     2
       Mephitic Cloud    |       |     1 ||     1
  Use: Potion            |     2 |     2 ||     4
  Eat: Chunk             |     3 |     8 ||    11
